 Dungeon Crawl Stone Soup version 0.23-a0-726-g9fa1570 (webtiles) character file.

1260 Inarius the Covert (level 8, -4/38 HPs)
             Began as a Felid Berserker on Jan 16, 2019.
             Was a High Priest of Trog.
             Slain by a slave (8 damage)
             ... led by Pikel
             ... on level 8 of the Dungeon.
             The game lasted 00:17:03 (9481 turns).

Inarius the Covert (Felid Berserker)                Turns: 9481, Time: 00:17:04

Health: -4/38      AC:  2    Str: 16    XL:     8   Next: 27%
Magic:  12/12      EV: 23    Int:  8    God:    Trog [*****.]
Gold:   358        SH:  0    Dex: 18    Spells: 7/7 levels left
                                        Lives:  0   Deaths: 2

rFire    . . .     SeeInvis +     - Unarmed
rCold    . . .     Gourm    .   (shield unavailable)
rNeg     . . .     Faith    +   (armour unavailable)
rPois    .         Spirit   .   (helmet unavailable)
rElec    .         Reflect  .   (cloak unavailable)
rCorr    .         Harm     .   (gloves unavailable)
MR       ++...                  (boots unavailable)
Stlth    +++++.....             d - amulet of faith
HPRegen  0.12/turn              e - +2 ring of dexterity
MPRegen  0.13/turn              p - ring of protection from magic

@: quick
A: very small, no armour, no weapons or thrown items, stealth, claws 1, fangs 3,
see invisible, carnivore, speed 1, shaggy fur 2, slow metabolism 1, sharp paws
a: Berserk, Trog's Hand, Brothers in Arms, Renounce Religion


You were on level 8 of the Dungeon.
You worshipped Trog.
Trog was extremely pleased with you.
You were completely stuffed.

You visited 1 branch of the dungeon, and saw 8 of its levels.
You also visited: Sewer and Ossuary.

You collected 358 gold pieces.

Inventory:

Jewellery
 d - an amulet of faith (around neck)
 e - a +2 ring of dexterity (left paw)
 m - an uncursed ring of wizardry
 p - a ring of protection from magic (right paw)
 C - an uncursed ring of protection from cold
Wands
 u - a wand of clouds (5)
 B - a wand of acid (18)
Scrolls
 b - 3 scrolls of enchant armour {unknown}
 f - a scroll of blinking
 g - a scroll of fog {unknown}
 j - 2 scrolls of fear
 l - 3 scrolls of remove curse
 o - a scroll of teleportation {unknown}
 q - a scroll of enchant weapon {unknown}
 y - a scroll of immolation {unknown}
 z - a scroll of amnesia {unknown}
Potions
 c - a potion of lignification
 h - a potion of heal wounds
 i - 3 potions of brilliance
 k - a potion of degeneration {unknown}
 n - 2 potions of mutation
 r - a potion of invisibility {unknown}
 s - a potion of agility {unknown}
 t - a potion of resistance {unknown}
 v - 2 potions of cancellation {unknown}
 w - 2 potions of curing {unknown}
 x - a potion of berserk rage {unknown}
Comestibles
 a - 19 rations
 A - a chunk of flesh


   Skills:
 * Level 5.9 Fighting
 + Level 7.2 Dodging
 + Level 9.2 Stealth
 + Level 8.9 Unarmed Combat
 + Level 4.0 Evocations


You had 7 spell levels left.
You didn't know any spells.
Your spell library was empty.

Dungeon Overview and Level Annotations

Branches:
Dungeon (8/15)             Temple (0/1) D:6
   Lair: D:8-11

Altars:
Ashenzari
Cheibriados
Elyvilon
Hepliaklqana
Okawaru
Sif Muna
Trog
Xom
The Shining One

Annotations:
D:3 2 transporters
D:6 Menkaure
D:8 3 runed doors, Pikel


Innate Abilities, Weirdness & Mutations

You cannot wear armour.
You are incapable of wielding weapons or throwing items.
Your paws allow you to move quietly. (Stealth)
You have sharp claws.
You have razor-sharp teeth.
You have supernaturally acute eyesight. (SInv)
You are carnivorous and can eat meat at any time.
You cover ground quickly.
You are covered in thick fur. (AC +2)
You have a slow metabolism.
Your sharp claws are effective at attacking unaware monsters.


Message History

The slave misses you. The slave barely misses you.
The slave closely misses you. The slave closely misses you.
The slave closely misses you. The slave barely misses you.
The slave hits you but does no damage. The slave closely misses you.
The slave closely misses you. The slave completely misses you.
The slave closely misses you. The slave completely misses you.
The slave hits you. The slave misses you. The slave misses you.
The slave hits you. The slave hits you!
* * * LOW HITPOINT WARNING * * *
The slave hits you!
You die...

.............#...####............
.............#...####...........#
.................##.............#
..........(......##.............#
.................................
.........#...[..........>........
.........##...........#.....#####
......(..##.....p.....#.....#
#.........+.....@.....#.....#
#........##......(..........#
###(....###.................# #
####### #.................#####
###.####..............# #.
#.†............# #.
#..............# #..............#
..............).#


You could see a slave.

Vanquished Creatures
  A hippogriff (D:7)
  A hungry ghost (D:7)
  Duvessa (D:6)
  Purgy (Sewer)
  A slave (D:8)
  A black bear (D:7)
  A sky beast (D:7)
  An orc warrior (D:6)
  An ice beast (D:7)
  3 ogres
  3 centaurs
  A big kobold (D:7)
  Blork the orc (D:6)
  2 elf zombies (Ossuary)
  2 bullfrogs (D:7)
  Dowan (D:6)
  A scorpion (D:6)
  2 crimson imps
  A quasit (D:7)
  2 jellies
  5 orc priests
  A bullfrog skeleton (D:7)
  2 hounds
  A centaur skeleton (D:8)
  Ijyb (D:3)
  5 orc wizards
  6 worker ants
  2 big kobold zombies (Ossuary)
  A hound zombie (Ossuary)
  3 mummies (Ossuary)
  A worker ant zombie (D:6)
  6 adders
  4 gnolls (D:3)
  An ooze (D:2)
  4 adder zombies (Ossuary)
  An adder skeleton (D:5)
  3 worms
  2 dart slugs
  2 leopard geckos
  30 orcs
  10 giant cockroaches
  3 gnoll zombies (Ossuary)
  10 goblins
  5 hobgoblins
  4 jackals (D:2)
  A quokka (D:6)
  7 bats
  7 frilled lizards
  5 goblin zombies (Ossuary)
  4 hobgoblin zombies (Ossuary)
  2 jackal zombies (Ossuary)
  12 kobolds
  2 kobold zombies (Ossuary)
  An orc zombie (Ossuary)
  5 quokka zombies (Ossuary)
  4 rats
  A rat zombie (Ossuary)
192 creatures vanquished.

Vanquished Creatures (collateral kills)
  An orc (D:7)
1 creature vanquished.

Grand Total: 193 creatures vanquished

Notes
Turn   | Place    | Note
-------+----------+-------------------------------------------
     0 | D:1      | Inarius the Felid Berserker began the quest for the Orb.
     0 | D:1      | Reached XP level 1. HP: 10/10 MP: 2/2
   325 | D:1      | Reached skill level 1 in Stealth
   325 | D:1      | Reached XP level 2. HP: 14/14 MP: 3/3
   644 | D:1      | You fall through a shaft!
   647 | D:2      | Found a shimmering altar of Xom.
   753 | D:2      | Reached XP level 3. HP: 15/17 MP: 4/4
   851 | D:2      | Reached ** piety under Trog
   901 | D:2      | Reached skill level 2 in Stealth
  1518 | D:2      | Reached skill level 3 in Stealth
  1518 | D:2      | Reached XP level 4. HP: 10/21 MP: 5/5
  1869 | D:3      | Noticed a centaur
  2067 | D:3      | Found a glowing drain.
  2071 | Sewer    | Entered a sewer
  2221 | Sewer    | Noticed Purgy
  2224 | Sewer    | Killed Purgy
  2224 | Sewer    | Reached skill level 5 in Stealth
  2224 | Sewer    | Reached XP level 5. HP: 21/24 MP: 6/6
  2427 | D:3      | Found a shattered altar of Ashenzari.
  2557 | D:3      | Noticed Ijyb
  2567 | D:3      | Killed Ijyb
  2567 | D:3      | Reached *** piety under Trog
  2567 | D:3      | Gained mutation: You are covered in thick fur. (AC +2)
                  | [Felid growth]
  2567 | D:3      | Reached XP level 6. HP: 20/28 MP: 7/7
  2742 | D:3      | Found a transporter.
  2747 | D:3      | Noticed a sky beast
  2756 | D:3      | Found a transporter.
  2843 | D:3      | Reached skill level 5 in Dodging
  3010 | D:3      | Found a faded altar of an unknown god.
  3052 | D:3      | Found a glowing golden altar of the Shining One.
  3177 | D:4      | Found a snail-covered altar of Cheibriados.
  3680 | D:4      | Found a white marble altar of Elyvilon.
  3763 | D:5      | Entered Level 5 of the Dungeon
  3783 | D:5      | Reached skill level 6 in Stealth
  3783 | D:5      | Reached skill level 5 in Unarmed Combat
  4342 | D:5      | Reached XP level 7. HP: 24/31 MP: 8/8
  4772 | D:5      | Reached skill level 7 in Stealth
  4965 | D:6      | Found a hazy altar of Hepliaklqana.
  4965 | D:6      | Found a deep blue altar of Sif Muna.
  4997 | D:6      | Noticed Menkaure
  5356 | D:6      | Found a staircase to the Ecumenical Temple.
  5364 | D:6      | Noticed Dowan
  5369 | D:6      | Noticed Duvessa
  5386 | D:6      | Killed Dowan
  5395 | D:6      | Slain by Duvessa
  5396 | D:6      | Reached XP level 6. HP: -5/28 MP: 7/7
  5415 | D:6      | Found an iron altar of Okawaru.
  5521 | D:6      | Killed Duvessa
  5521 | D:6      | Reached **** piety under Trog
  5521 | D:6      | Reached skill level 1 in Evocations
  5521 | D:6      | Reached XP level 7. HP: 33/33 MP: 8/8
  5614 | D:6      | Noticed Blork the orc
  5617 | D:6      | Killed Blork the orc
  5947 | D:7      | Reached skill level 8 in Stealth
  5968 | D:7      | Found a bloodstained altar of Trog.
  6094 | D:7      | Found a sand-covered staircase.
  6145 | Ossuary  | Entered an ossuary
  6302 | Ossuary  | Reached XP level 8. HP: 36/36 MP: 10/10
  6363 | Ossuary  | Reached ***** piety under Trog
  6526 | Ossuary  | Reached skill level 5 in Fighting
  7816 | D:7      | Reached skill level 9 in Stealth
  8196 | D:7      | Noticed a hippogriff
  8436 | D:7      | Reached XP level 9. HP: 36/40 MP: 12/12
  8559 | D:7      | HP: 2/40 [hippogriff (6)]
  8945 | D:8      | Found a runed gate.
  8945 | D:8      | Found a runed gate.
  8945 | D:8      | Found a runed gate.
  8957 | D:8      | Noticed a cyan ugly thing
  8961 | D:8      | Noticed a cyan ugly thing
  9366 | D:8      | Noticed Pikel
  9440 | D:8      | HP: 2/41 [hippogriff (8)]
  9440 | D:8      | Slain by a hippogriff
  9441 | D:8      | Reached XP level 8. HP: 0/38 MP: 12/12
  9481 | D:8      | Slain by a slave

Vault maps used:
D:1:      dpeg_arrival_orchard, st_stairs_6, minmay_pentomino_s2
D:2:      xom_teletrap_fun
D:3:      gammafunk_temple_overflow_arena, tso_oasis_becter,
          chequers_ecumenical_altar_simple_redux, gup_sewer_entry_bowl,
          minmay_crystal_room, uniq_ijyb
D:4:      elyvilon_altar_4, kennysheep_mini
D:5:      first_ration
D:6:      gammafunk_temple_overflow_elements, minmay_temple_entry_overgrown,
          basic_altar, uniq_duvessa, uniq_menkaure, uniq_blork_the_orc
D:7:      lemuel_crystal_altar, enter_ossuary_2, grunt_ogre_cave
D:8:      minmay_evil_eye, lemuel_crystal_altar,
          ploomutoo_gammafunk_ghost_potion_laboratory, uniq_pikel
Sewer:    kennysheep_door_sewer
Ossuary:  minmay_ossuary_two_tombs

Skill      XL: |  1  2  3  4  5  6  7  8  9 |
---------------+----------------------------+-----
Stealth        | 1 3 5 6 8 9 |  9.2
Unarmed Combat | 4 5 7 8 |  8.9
Dodging        | 6 7 |  7.2
Fighting       | 4 5 |  5.9
Evocations     | 1 2 3 4 |  4.0

Action                   |  1- 3 |  4- 6 |  7- 9 || total
-------------------------+-------+-------+-------++-------
Melee: Unarmed           |   104 |   170 |   363 ||   637
       Bite              |    10 |    16 |    48 ||    74
       Punch             |     1 |     8 |    15 ||    24
Invok: Trog's Hand       |     1 |     4 |     2 ||     7
       Berserk           |       |     1 |       ||     1
       Brothers in Arms  |       |       |     1 ||     1
Evoke: Wand              |       |     1 |     5 ||     6
  Use: Scroll            |     2 |     6 |     5 ||    13
       Potion            |       |       |     2 ||     2
 Stab: Sleeping          |     6 |     8 |    19 ||    33
       Distracted        |       |     2 |     2 ||     4
  Eat: Chunk             |     9 |     6 |    24 ||    39
Armor: Skin              |     4 |     6 |    14 ||    24
Dodge: Dodged            |    90 |   131 |   272 ||   493

Table legend:
 A = Non-vault XP
 B = Vault XP
 C = Vault XP percentage of total XP
 D = Non-vault monster count
 E = Vault monster count
 F = Vault count percentage of total count
                 A         B        C        D         E       F
            +---------+---------+-------+---------+---------+-------
      Total |    3187 |     985 |  23.6 |     140 |      52 |  27.1
            +---------+---------+-------+---------+---------+-------
        D:1 |      19 |       4 |  17.4 |      10 |       3 |  23.1
        D:2 |      92 |       0 |   0.0 |      27 |       0 |   0.0
        D:3 |     127 |      41 |  24.4 |      23 |       4 |  14.8
        D:4 |      13 |       0 |   0.0 |       5 |       0 |   0.0
        D:5 |     481 |       0 |   0.0 |      17 |       0 |   0.0
        D:6 |     396 |     324 |  45.0 |      14 |       3 |  17.6
        D:7 |    1706 |     121 |   6.6 |      32 |       1 |   3.0
        D:8 |     353 |       0 |   0.0 |      12 |       0 |   0.0
      Sewer |       0 |     145 | 100.0 |       0 |       6 | 100.0
    Ossuary |       0 |     350 | 100.0 |       0 |      35 | 100.0
            +---------+---------+-------+---------+---------+-------
